Capitals vs Devils
Created - November 23, 2018 at 19:05
Goals
|
| Capitals |
1 |
1 |
4 |
6 |
| Devils |
0 |
1 |
2 |
3 |
|
Shots
|
| Capitals |
7 |
7 |
12 |
26 |
| Devils |
10 |
11 |
10 |
31 |
|
1st period
1. Capitals , Ryan Getzlaf 4 (Brent Burns 10) at 14:14
Penalties :
Wayne Simmonds (Was) for Tripping (Minor) at 0:31, Patrick Marleau (Was) for High sticking (Minor) at 10:30, Joe Thornton (Was) for Slashing (Minor) at 11:00, Matt Carle (Was) for Roughing (Minor) at 15:15
2nd period
2. Capitals , Patrick Marleau 5 (Wayne Simmonds 8) at 2:47
3. Devils , Matt Duchene 9 (Patrick Kane 17, Travis Hamonic 7) at 4:35
Penalties :
Joe Thornton (Was) for Hooking (Minor) at 0:03, Tyler Cuma (NJD) for High sticking (Minor) at 7:02, Dmitry Kulikov (NJD) for Holding (Minor) at 16:44
3rd period
4. Capitals , Joe Thornton 8 (Mike Cammalleri 9, Blake Wheeler 7) at 4:14
5. Capitals , Joe Thornton 9 (David Krejci 1, Christian Ehrhoff 5) at 8:18
6. Devils , Jaden Schwartz 6 (Matt Duchene 21) at 14:10
7. Capitals , Patrick Marleau 6 (Wayne Simmonds 9, Ryan Getzlaf 7) at 18:24
8. Capitals , Eric Fehr 1 (Brent Burns 11, David Krejci 2) at 18:28
9. Devils , Jonathan Toews 5 (Travis Hamonic 8) at 18:36
Penalties :
Dan Girardi (Was) for Hooking (Minor) at 9:01, Colton Parayko (NJD) for Interference (Minor) at 0:00
Goalie Stats
Tuukka Rask (Was), 28 saves from 31 shots - (0.903), W, 10-5-0, 60:00 minutes
Ryan Miller (NJD), 13 saves from 17 shots - (0.765), L, 6-9-0, 48:18 minutes
Keith Kinkaid (NJD), 7 saves from 9 shots - (0.778), 11:42 minutes
Players Stats for Capitals
Player Name G A P +/- PIM S H SB GA TA FO MP PP MP PK MP
------------------------------------------------------------------------------------
Blake Wheeler 0 1 1 1 0 1 1 1 1 0 2/5 21:16 2:04 2:40
Brent Burns 0 2 2 1 0 3 1 3 2 1 0/0 29:17 2:31 6:54
Christian Ehrhoff 0 1 1 2 0 2 2 3 0 1 0/0 23:45 2:02 3:54
Dan Girardi 0 0 0 0 2 0 2 1 0 0 0/0 18:36 1:56 0:00
David Krejci 0 2 2 2 0 0 0 0 0 0 1/3 8:20 0:00 1:44
Eric Fehr 1 0 1 2 0 1 0 0 0 0 0/0 6:31 0:00 0:00
Erik Karlsson 0 0 0 1 0 0 0 0 0 0 0/0 12:39 0:00 5:16
Jamie Benn 0 0 0 0 0 2 2 0 1 0 3/3 14:48 0:00 2:22
Joe Thornton 2 0 2 2 4 2 2 0 0 0 15/30 24:26 2:04 4:04
Mark Stone 0 0 0 0 0 0 1 0 0 0 1/1 1:22 0:00 0:00
Matt Carle 0 0 0 1 2 1 4 1 1 0 0/0 19:38 1:19 3:00
Mike Cammalleri 0 1 1 0 0 4 2 0 0 0 0/1 21:07 2:04 5:21
Mikko Koivu 0 0 0 0 0 2 1 0 0 0 3/6 12:48 0:00 0:18
Patrick Marleau 2 0 2 1 2 3 2 0 0 1 0/0 14:42 1:54 0:11
Ryan Getzlaf 1 1 2 1 0 4 3 1 1 0 9/18 18:11 1:54 2:40
Shayne Gostisbehere 0 0 0 0 0 0 1 0 0 0 0/0 12:55 0:08 1:46
T.J. Oshie 0 0 0 0 0 0 0 0 0 1 0/0 12:26 0:00 0:00
Wayne Simmonds 0 2 2 1 2 1 1 0 1 0 0/0 15:13 1:54 0:00
Players Stats for Devils
Player Name G A P +/- PIM S H SB GA TA FO MP PP MP PK MP
------------------------------------------------------------------------------------
Anthony Stewart 0 0 0 0 0 2 0 0 0 0 0/0 10:43 0:10 0:57
Ben Lovejoy 0 0 0 1 0 1 3 1 0 1 0/0 22:25 6:54 1:41
Colton Parayko 0 0 0 -2 2 0 0 2 0 0 0/0 13:29 0:00 0:17
Dmitry Kulikov 0 0 0 -2 2 1 3 1 1 1 0/0 18:34 3:31 1:13
Jaden Schwartz 1 0 1 1 0 2 0 1 0 0 0/0 12:08 0:00 0:00
Jonathan Toews 1 0 1 -3 0 4 4 0 1 0 16/26 22:21 4:37 0:52
Jordan Eberle 0 0 0 -3 0 1 1 1 0 1 2/4 24:38 5:38 1:59
Kellan Lain 0 0 0 -1 0 1 1 0 0 0 0/0 7:11 0:01 0:00
Matt Duchene 1 1 2 1 0 3 1 0 1 0 9/22 18:23 5:47 0:10
Ondrej Palat 0 0 0 0 0 1 3 0 0 0 0/0 15:01 4:37 1:07
Patrick Kane 0 1 1 1 0 2 0 0 0 0 0/0 17:37 4:37 0:52
Ryan O'Byrne 0 0 0 -2 0 0 1 1 0 0 0/0 19:49 0:00 2:17
Scott Gomez 0 0 0 0 0 2 2 0 1 0 2/10 11:45 0:10 1:59
Steve Quailer 0 0 0 -1 0 1 0 0 0 0 0/0 6:44 0:00 0:00
Taylor Hall 0 0 0 -3 0 7 0 0 0 0 2/3 22:39 5:38 0:00
Travis Hamonic 0 2 2 1 0 0 0 1 0 1 0/0 19:21 3:31 1:24
Tyler Bozak 0 0 0 -1 0 1 0 0 0 0 2/2 6:44 0:00 0:00
Tyler Cuma 0 0 0 -2 2 2 2 4 0 3 0/0 26:28 6:54 1:04
3 Stars
1 - Ryan Getzlaf (Was)
2 - Patrick Marleau (Was)
3 - Joe Thornton (Was)
Power Play
Capitals - 0 on 3 Attempt(s) - 0.00%
Devils - 0 on 6 Attempt(s) - 0.00%
Penalty Kill
Capitals - 6 on 6 Attempt(s) - 100.00%
- Score 0 goal in Penalty Kill
Devils - 3 on 3 Attempt(s) - 100.00%
- Score 0 goal in Penalty Kill
Team Stat
Capitals - Hits : 25 - Faceoff Wins : 34 - Blocked Shots : 10 - Penalty Minutes : 12
Devils - Hits : 21 - Faceoff Wins : 33 - Blocked Shots : 12 - Penalty Minutes : 6
Official
Referees : Unknown
Linesman : Unknown
Game Notes
Erik Karlsson is injured at 5:02 of 2nd period (Lower Body)
Keith Kinkaid enters game at 8:18 of 3rd period
Finance
Level 1 -- Attendance: 5359 (89.32%) -- Ticket Income $482,310
Level 2 -- Attendance: 5000 (100.00%) -- Ticket Income $285,000
Level 3 -- Attendance: 2000 (100.00%) -- Ticket Income $66,000
Level 4 -- Attendance: 3541 (88.53%) -- Ticket Income $88,525
Luxury Box -- Attendance: 882 (88.20%) -- Ticket Income $136,710
Game was played at the The prudential Center.
Total Attendance: 16782 (93.23%)
Total Ticket Income: $1,058,545
Other Income: $158,782
Total Income: $1,217,327
Capitals
5 vs 5 Forward
Center Left Wing Right Wing Time % Phy DF OF
1 Joe Thornton Mike Cammalleri Blake Wheeler 40 1 2 2
2 Ryan Getzlaf Patrick Marleau Wayne Simmonds 30 1 2 2
3 Mikko Koivu Jamie Benn T.J. Oshie 20 1 2 2
4 David Krejci Joe Thornton Eric Fehr 10 1 2 2
5 vs 5 Defense
Defense Defense Time % Phy DF OF
1 Brent Burns Erik Karlsson 40 1 2 2
2 Christian Ehrhoff Matt Carle 30 1 2 2
3 Dan Girardi Shayne Gostisbehere 20 1 2 2
4 Brent Burns Erik Karlsson 10 1 2 2
PowerPlay Forward
Center Left Wing Right Wing Time % Phy DF OF
1 Joe Thornton Mike Cammalleri Blake Wheeler 60 1 2 2
2 Ryan Getzlaf Patrick Marleau Wayne Simmonds 40 1 2 2
PowerPlay Defense
Defense Defense Time % Phy DF OF
1 Brent Burns Erik Karlsson 60 1 2 2
2 Christian Ehrhoff Matt Carle 40 1 2 2
Penalty Kill 4 Players Forward
Center Wing Time % Phy DF OF
1 Joe Thornton Mike Cammalleri 60 1 2 2
2 Blake Wheeler Ryan Getzlaf 40 1 2 2
Penalty Kill 4 Players Defense
Defense Defense Time % Phy DF OF
1 Brent Burns Erik Karlsson 60 1 2 2
2 Christian Ehrhoff Matt Carle 40 1 2 2
Penalty Kill - 3 Players Forward
Forward Time % Phy DF OF
1 Joe Thornton 60 1 2 2
2 Mike Cammalleri 40 1 2 2
Penalty Kill - 3 Players Defense
Defense Defense Time % Phy DF OF
1 Brent Burns Erik Karlsson 60 1 2 2
2 Christian Ehrhoff Matt Carle 40 1 2 2
4 vs 4 Forward
Center Wing Time % Phy DF OF
1 Joe Thornton Mike Cammalleri 60 1 2 2
2 Blake Wheeler Ryan Getzlaf 40 1 2 2
4 vs 4 Defense
Defense Defense Time % Phy DF OF
1 Brent Burns Erik Karlsson 60 1 2 2
2 Christian Ehrhoff Matt Carle 40 1 2 2
Last Minutes Offensive
Center Left Wing Right Wing Defense Defense
Joe Thornton Mike Cammalleri Blake Wheeler Brent Burns Erik Karlsson
Last Minutes Defensive
Center Left Wing Right Wing Defense Defense
Joe Thornton Mike Cammalleri Blake Wheeler Brent Burns Erik Karlsson
Goaltenders
Starting : Tuukka Rask
Backup : Ilya Bryzgalov
Extra Forwards
Normal : Mark Stone, Mikko Koivu, Jamie Benn - PP : Mark Stone, Mikko Koivu - PK : Jamie Benn
Extra Defensemen
Normal : Dan Girardi, Shayne Gostisbehere, Christian Ehrhoff - PP : Dan Girardi - PK : Shayne Gostisbehere, Christian Ehrhoff
Penalty Shots
Joe Thornton, Mike Cammalleri, Blake Wheeler, Ryan Getzlaf, Wayne Simmonds
Scratches
Scott Hartnell (Healthy), Sergei Bobrovsky (Healthy)
Devils
5 vs 5 Forward
Center Left Wing Right Wing Time % Phy DF OF
1 Jonathan Toews Taylor Hall Jordan Eberle 40 0 2 3
2 Matt Duchene Jaden Schwartz Patrick Kane 30 0 2 3
3 Scott Gomez Ondrej Palat Anthony Stewart 20 0 2 3
4 Tyler Bozak Kellan Lain Steve Quailer 10 0 3 2
5 vs 5 Defense
Defense Defense Time % Phy DF OF
1 Ryan O'Byrne Tyler Cuma 40 0 3 2
2 Ben Lovejoy Travis Hamonic 30 0 3 2
3 Dmitry Kulikov Colton Parayko 20 0 3 2
4 Travis Hamonic Dmitry Kulikov 10 0 3 2
PowerPlay Forward
Center Left Wing Right Wing Time % Phy DF OF
1 Matt Duchene Taylor Hall Jordan Eberle 60 0 2 3
2 Jonathan Toews Ondrej Palat Patrick Kane 40 0 2 3
PowerPlay Defense
Defense Defense Time % Phy DF OF
1 Tyler Cuma Ben Lovejoy 60 1 2 2
2 Travis Hamonic Dmitry Kulikov 40 1 2 2
Penalty Kill 4 Players Forward
Center Wing Time % Phy DF OF
1 Scott Gomez Jordan Eberle 60 1 2 2
2 Jonathan Toews Patrick Kane 40 1 2 2
Penalty Kill 4 Players Defense
Defense Defense Time % Phy DF OF
1 Ryan O'Byrne Dmitry Kulikov 60 1 2 2
2 Travis Hamonic Ben Lovejoy 40 1 2 2
Penalty Kill - 3 Players Forward
Forward Time % Phy DF OF
1 Scott Gomez 60 1 2 2
2 Taylor Hall 40 1 2 2
Penalty Kill - 3 Players Defense
Defense Defense Time % Phy DF OF
1 Travis Hamonic Dmitry Kulikov 60 1 2 2
2 Ben Lovejoy Ryan O'Byrne 40 1 2 2
4 vs 4 Forward
Center Wing Time % Phy DF OF
1 Jonathan Toews Jordan Eberle 60 1 2 2
2 Matt Duchene Taylor Hall 40 1 2 2
4 vs 4 Defense
Defense Defense Time % Phy DF OF
1 Travis Hamonic Ben Lovejoy 60 1 2 2
2 Colton Parayko Ryan O'Byrne 40 1 2 2
Last Minutes Offensive
Center Left Wing Right Wing Defense Defense
Matt Duchene Taylor Hall Patrick Kane Tyler Cuma Ben Lovejoy
Last Minutes Defensive
Center Left Wing Right Wing Defense Defense
Matt Duchene Taylor Hall Patrick Kane Travis Hamonic Ben Lovejoy
Goaltenders
Starting : Ryan Miller
Backup : Keith Kinkaid
Extra Forwards
Normal : Scott Gomez, Ondrej Palat, Anthony Stewart - PP : Scott Gomez, Ondrej Palat - PK : Anthony Stewart
Extra Defensemen
Normal : Dmitry Kulikov, Tyler Cuma, Colton Parayko - PP : Dmitry Kulikov - PK : Tyler Cuma, Colton Parayko
Penalty Shots
Patrick Kane, Taylor Hall, Matt Duchene, Jordan Eberle, Jonathan Toews
Scratches
Brandon Bollig (Healthy)
% Time on Ice - Capitals
Lines # - Real PCT - Wanted PCT - Time Play
Normal Forward
1 - 30% - 40% - 13:42
2 - 30% - 30% - 13:37
3 - 27% - 20% - 12:26
4 - 13% - 10% - 5:52
Normal Defense
1 - 44% - 40% - 19:58
2 - 31% - 30% - 14:07
3 - 19% - 20% - 8:39
4 - 6% - 10% - 2:53
PP Forward
1 - 52% - 60% - 2:04
2 - 48% - 40% - 1:54
PP Defense
1 - 67% - 60% - 2:39
2 - 33% - 40% - 1:19
PK Forward
1 - 70% - 60% - 6:16
2 - 30% - 40% - 2:40
PK Defense
1 - 65% - 60% - 5:48
2 - 35% - 40% - 3:08
PK3 Forward
1 - 100% - 60% - 1:29
2 - 0% - 40% - 0:00
PK3 Defense
1 - 51% - 60% - 0:45
2 - 49% - 40% - 0:44
44 Forward
1 - 0% - 60%
2 - 0% - 40%
44 Defense
1 - 0% - 60%
2 - 0% - 40%
Last Minute Offensive - 0:00
Last Minute Defensive - 0:00
Total
Forward - 60:00
Defense - 60:00
|
% Time on Ice - Devils
Lines # - Real PCT - Wanted PCT - Time Play
Normal Forward
1 - 39% - 40% - 17:36
2 - 27% - 30% - 12:08
3 - 20% - 20% - 9:09
4 - 15% - 10% - 6:44
Normal Defense
1 - 42% - 40% - 19:13
2 - 29% - 30% - 13:20
3 - 24% - 20% - 11:09
4 - 4% - 10% - 1:55
PP Forward
1 - 56% - 60% - 5:48
2 - 44% - 40% - 4:37
PP Defense
1 - 66% - 60% - 6:54
2 - 34% - 40% - 3:31
PK Forward
1 - 78% - 60% - 3:06
2 - 22% - 40% - 0:52
PK Defense
1 - 65% - 60% - 2:34
2 - 35% - 40% - 1:24
PK3 Forward
1 - 0% - 60%
2 - 0% - 40%
PK3 Defense
1 - 0% - 60%
2 - 0% - 40%
44 Forward
1 - 0% - 60%
2 - 0% - 40%
44 Defense
1 - 0% - 60%
2 - 0% - 40%
Last Minute Offensive - 0:00
Last Minute Defensive - 0:00
Total
Forward - 60:00
Defense - 60:00
|
Play by Play
1st period
0:01 of 1st period - Joe Thornton wins face-off versus Jonathan Toews in neutral zone.
0:06 of 1st period - Wrist shot by Mike Cammalleri.
0:06 of 1st period - Deflect By Joe Thornton.
0:06 of 1st period - Shot Misses the Net.
0:06 of 1st period - Puck is out of play.
0:07 of 1st period - Jonathan Toews wins face-off versus Joe Thornton in Devils zone.
0:18 of 1st period - Slapshot by Mike Cammalleri.
0:18 of 1st period - Deflect By Joe Thornton.
0:18 of 1st period - Shot Blocked by Jordan Eberle.
0:18 of 1st period - Puck is out of play.
0:19 of 1st period - Matt Duchene wins face-off versus Ryan Getzlaf in Devils zone.
0:31 of 1st period - Minor Penalty to Wayne Simmonds for Tripping.
0:32 of 1st period - Joe Thornton wins face-off versus Matt Duchene in Capitals zone.
2:31 of 1st period - Penalty to Wayne Simmonds is over, Wayne Simmonds is back on ice.
2:44 of 1st period - Blake Wheeler is hit by Ben Lovejoy and loses puck.
3:19 of 1st period - Off-side.
3:20 of 1st period - Tyler Bozak wins face-off versus Mikko Koivu in neutral zone.
3:50 of 1st period - Jordan Eberle is hit by Joe Thornton.
5:10 of 1st period - Wrist shot by Scott Gomez.
5:10 of 1st period - Deflect By Shayne Gostisbehere.
5:10 of 1st period - Stopped by Tuukka Rask with a rebound.
5:12 of 1st period - Slapshot by Tyler Cuma.
5:12 of 1st period - Shot Blocked by Dan Girardi.
6:08 of 1st period - Snap shot by Jordan Eberle.
6:08 of 1st period - Deflect By Matt Carle.
6:08 of 1st period - Shot Misses the Net.
6:08 of 1st period - Puck is out of play.
6:09 of 1st period - Mikko Koivu wins face-off versus Jonathan Toews in Capitals zone.
6:22 of 1st period - Slapshot by Mikko Koivu.
6:22 of 1st period - Stopped by Ryan Miller with a rebound.
6:36 of 1st period - Ryan O'Byrne is hit by Joe Thornton and loses puck.
6:58 of 1st period - T.J. Oshie is hit by Ondrej Palat and loses puck.
8:00 of 1st period - Patrick Kane is hit by Mike Cammalleri and loses puck.
8:22 of 1st period - Icing by Shayne Gostisbehere.
8:23 of 1st period - Ryan Getzlaf wins face-off versus Jonathan Toews in Capitals zone.
8:32 of 1st period - Wrist shot by Ryan Getzlaf.
8:32 of 1st period - Shot Blocked by Tyler Cuma.
8:34 of 1st period - Snap shot by Patrick Marleau.
8:34 of 1st period - Stopped by Ryan Miller without a rebound.
8:35 of 1st period - Jonathan Toews wins face-off versus Joe Thornton in Devils zone.
8:46 of 1st period - Snap shot by Mike Cammalleri.
8:46 of 1st period - Stopped by Ryan Miller with a rebound.
8:48 of 1st period - Slapshot by Matt Carle.
8:48 of 1st period - Stopped by Ryan Miller without a rebound.
8:49 of 1st period - Blake Wheeler wins face-off versus Jonathan Toews in Devils zone.
9:14 of 1st period - Matt Carle is hit by Matt Duchene and loses puck.
10:26 of 1st period - Wrist shot by Matt Duchene.
10:26 of 1st period - Stopped by Tuukka Rask without a rebound.
10:27 of 1st period - Jonathan Toews wins face-off versus Ryan Getzlaf in Capitals zone.
10:28 of 1st period - Wrist shot by Taylor Hall.
10:28 of 1st period - Shot Misses the Net.
10:30 of 1st period - Minor Penalty to Patrick Marleau for High sticking.
10:31 of 1st period - Matt Duchene wins face-off versus Joe Thornton in Capitals zone.
10:34 of 1st period - Slapshot by Taylor Hall.
10:34 of 1st period - Shot Blocked by Brent Burns.
10:36 of 1st period - Slapshot by Ben Lovejoy.
10:36 of 1st period - Deflect By Jordan Eberle.
10:36 of 1st period - Shot Misses the Net.
10:36 of 1st period - Puck is out of play.
10:37 of 1st period - Joe Thornton wins face-off versus Matt Duchene in Capitals zone.
11:00 of 1st period - Minor Penalty to Joe Thornton for Slashing.
11:01 of 1st period - Jamie Benn wins face-off versus Matt Duchene in Capitals zone.
11:39 of 1st period - Wrist shot by Patrick Kane.
11:39 of 1st period - Deflect By Jonathan Toews.
11:39 of 1st period - Stopped by Tuukka Rask without a rebound.
11:40 of 1st period - Jamie Benn wins face-off versus Matt Duchene in Capitals zone.
11:45 of 1st period - Jordan Eberle is hit by Matt Carle and loses puck.
12:06 of 1st period - Travis Hamonic is hit by Matt Carle and loses puck.
12:30 of 1st period - Penalty to Patrick Marleau is over, Patrick Marleau is back on ice.
12:36 of 1st period - Snap shot by David Krejci.
12:36 of 1st period - Shot Blocked by Tyler Cuma.
12:59 of 1st period - Jordan Eberle is hit by Mike Cammalleri.
13:00 of 1st period - Penalty to Joe Thornton is over, Joe Thornton is back on ice.
13:17 of 1st period - Snap shot by Wayne Simmonds.
13:17 of 1st period - Stopped by Ryan Miller without a rebound.
13:18 of 1st period - Tyler Bozak wins face-off versus Ryan Getzlaf in Devils zone.
13:18 of 1st period - Tyler Bozak is hit by Dan Girardi.
13:30 of 1st period - Wrist shot by Kellan Lain.
13:30 of 1st period - Stopped by Tuukka Rask without a rebound.
13:31 of 1st period - Jonathan Toews wins face-off versus Joe Thornton in Capitals zone.
13:43 of 1st period - Snap shot by Jordan Eberle.
13:43 of 1st period - Stopped by Tuukka Rask with a rebound.
13:45 of 1st period - Wrist shot by Taylor Hall.
13:45 of 1st period - Stopped by Tuukka Rask without a rebound.
13:46 of 1st period - Joe Thornton wins face-off versus Matt Duchene in Capitals zone.
14:14 of 1st period - Snap shot by Ryan Getzlaf.
14:14 of 1st period - Goal by Ryan Getzlaf - Capitals : 1 - Devils : 0.
14:15 of 1st period - Jonathan Toews wins face-off versus Mike Cammalleri in neutral zone.
14:59 of 1st period - Snap shot by Ondrej Palat.
14:59 of 1st period - Stopped by Tuukka Rask with a rebound.
15:05 of 1st period - Snap shot by Anthony Stewart.
15:05 of 1st period - Shot Misses the Net.
15:15 of 1st period - Minor Penalty to Matt Carle for Roughing.
15:16 of 1st period - Matt Duchene wins face-off versus Joe Thornton in Capitals zone.
15:26 of 1st period - Off-side.
15:27 of 1st period - Joe Thornton wins face-off versus Matt Duchene in neutral zone.
15:35 of 1st period - Mike Cammalleri is hit by Ben Lovejoy and loses puck.
15:44 of 1st period - Wrist shot by Jordan Eberle.
15:44 of 1st period - Deflect By Taylor Hall.
15:44 of 1st period - Deflect By Erik Karlsson.
15:44 of 1st period - Stopped by Tuukka Rask without a rebound.
15:45 of 1st period - Jonathan Toews wins face-off versus Joe Thornton in Capitals zone.
15:46 of 1st period - Backhand shot by Patrick Kane.
15:46 of 1st period - Deflect By Jonathan Toews.
15:46 of 1st period - Shot Misses the Net.
15:46 of 1st period - Puck is out of play.
15:47 of 1st period - Jonathan Toews wins face-off versus Joe Thornton in Capitals zone.
15:48 of 1st period - Snap shot by Patrick Kane.
15:48 of 1st period - Stopped by Tuukka Rask with a rebound.
16:00 of 1st period - Erik Karlsson is hit by Ben Lovejoy and loses puck.
17:15 of 1st period - Penalty to Matt Carle is over, Matt Carle is back on ice.
17:29 of 1st period - Christian Ehrhoff is hit by Dmitry Kulikov and loses puck.
17:40 of 1st period - Snap shot by Ryan Getzlaf.
17:40 of 1st period - Stopped by Ryan Miller without a rebound.
17:41 of 1st period - Scott Gomez wins face-off versus Ryan Getzlaf in Devils zone.
18:16 of 1st period - Icing by Mike Cammalleri.
18:17 of 1st period - Matt Duchene wins face-off versus Blake Wheeler in Capitals zone.
18:29 of 1st period - Backhand shot by Jaden Schwartz.
18:29 of 1st period - Stopped by Tuukka Rask without a rebound.
18:30 of 1st period - Ryan Getzlaf wins face-off versus Jordan Eberle in Capitals zone.
18:36 of 1st period - Off-side.
18:37 of 1st period - Ryan Getzlaf wins face-off versus Jonathan Toews in neutral zone.
19:06 of 1st period - Ben Lovejoy is hit by Patrick Marleau and loses puck.
19:21 of 1st period - Ben Lovejoy is hit by Ryan Getzlaf and loses puck.
19:34 of 1st period - Slapshot by Taylor Hall.
19:34 of 1st period - Shot Misses the Net.
19:50 of 1st period - Backhand shot by Jonathan Toews.
19:50 of 1st period - Shot Misses the Net.
19:56 of 1st period - Slapshot by Jonathan Toews.
19:56 of 1st period - Shot Misses the Net.
19:58 of 1st period - Slapshot by Taylor Hall.
19:58 of 1st period - Shot Misses the Net.
Goals for this period are 1 for Capitals vs 0 for Devils.
Shots for this period are 7 for Capitals vs 10 for Devils.
2nd period
0:01 of 2nd period - Blake Wheeler wins face-off versus Matt Duchene in neutral zone.
0:03 of 2nd period - Minor Penalty to Joe Thornton for Hooking.
0:04 of 2nd period - Jamie Benn wins face-off versus Taylor Hall in Capitals zone.
0:14 of 2nd period - Mike Cammalleri is hit by Tyler Cuma and loses puck.
1:33 of 2nd period - Ben Lovejoy is hit by Blake Wheeler and loses puck.
2:03 of 2nd period - Penalty to Joe Thornton is over, Joe Thornton is back on ice.
2:09 of 2nd period - Snap shot by Anthony Stewart.
2:09 of 2nd period - Stopped by Tuukka Rask without a rebound.
2:10 of 2nd period - Scott Gomez wins face-off versus Ryan Getzlaf in Capitals zone.
2:47 of 2nd period - Wrist shot by Patrick Marleau.
2:47 of 2nd period - Goal by Patrick Marleau - Capitals : 2 - Devils : 0.
2:48 of 2nd period - Matt Duchene wins face-off versus Joe Thornton in neutral zone.
4:01 of 2nd period - Slapshot by Tyler Cuma.
4:01 of 2nd period - Stopped by Tuukka Rask without a rebound.
4:02 of 2nd period - Joe Thornton wins face-off versus Matt Duchene in Capitals zone.
4:07 of 2nd period - Ben Lovejoy is hit by Christian Ehrhoff and loses puck.
4:26 of 2nd period - Patrick Kane is hit by Matt Carle and loses puck.
4:35 of 2nd period - Wrist shot by Matt Duchene.
4:35 of 2nd period - Goal by Matt Duchene - Capitals : 2 - Devils : 1.
4:36 of 2nd period - Jonathan Toews wins face-off versus Joe Thornton in neutral zone.
4:47 of 2nd period - Snap shot by Taylor Hall.
4:47 of 2nd period - Stopped by Tuukka Rask with a rebound.
5:01 of 2nd period - Erik Karlsson is hit by Ryan O'Byrne and loses puck.
5:02 of 2nd period - Erik Karlsson from Capitals is injured at 5:02 of 2nd period (Lower Body).
5:03 of 2nd period - Jonathan Toews wins face-off versus Joe Thornton in Capitals zone.
5:04 of 2nd period - Wrist shot by Taylor Hall.
5:04 of 2nd period - Stopped by Tuukka Rask without a rebound.
5:05 of 2nd period - Taylor Hall wins face-off versus Joe Thornton in Capitals zone.
6:14 of 2nd period - Icing by Brent Burns.
6:15 of 2nd period - Jonathan Toews wins face-off versus David Krejci in Capitals zone.
6:50 of 2nd period - Snap shot by Mikko Koivu.
6:50 of 2nd period - Shot Misses the Net.
6:54 of 2nd period - Snap shot by Jamie Benn.
6:54 of 2nd period - Stopped by Ryan Miller without a rebound.
6:55 of 2nd period - Joe Thornton wins face-off versus Jonathan Toews in Devils zone.
6:58 of 2nd period - Wrist shot by Mike Cammalleri.
6:58 of 2nd period - Stopped by Ryan Miller with a rebound.
7:00 of 2nd period - Slapshot by Dan Girardi.
7:00 of 2nd period - Shot Blocked by Tyler Cuma.
7:02 of 2nd period - Minor Penalty to Tyler Cuma for High sticking.
7:03 of 2nd period - Joe Thornton wins face-off versus Scott Gomez in Devils zone.
7:04 of 2nd period - Snap shot by Mike Cammalleri.
7:04 of 2nd period - Stopped by Ryan Miller without a rebound.
7:05 of 2nd period - Joe Thornton wins face-off versus Scott Gomez in Devils zone.
7:38 of 2nd period - Snap shot by Brent Burns.
7:38 of 2nd period - Shot Misses the Net.
7:54 of 2nd period - Joe Thornton is hit by Jonathan Toews.
9:02 of 2nd period - Penalty to Tyler Cuma is over, Tyler Cuma is back on ice.
10:08 of 2nd period - Wrist shot by Scott Gomez.
10:08 of 2nd period - Stopped by Tuukka Rask without a rebound.
10:09 of 2nd period - Mark Stone wins face-off versus Scott Gomez in Capitals zone.
10:09 of 2nd period - Mark Stone is hit by Scott Gomez.
10:34 of 2nd period - Blake Wheeler is hit by Kellan Lain and loses puck.
10:39 of 2nd period - Wrist shot by Kellan Lain.
10:39 of 2nd period - Shot Misses the Net.
12:22 of 2nd period - Wrist shot by Matt Duchene.
12:22 of 2nd period - Shot Misses the Net.
12:24 of 2nd period - Snap shot by Matt Duchene.
12:24 of 2nd period - Shot Blocked by Ryan Getzlaf.
12:26 of 2nd period - Slapshot by Dmitry Kulikov.
12:26 of 2nd period - Stopped by Tuukka Rask without a rebound.
12:27 of 2nd period - Jonathan Toews wins face-off versus Ryan Getzlaf in Capitals zone.
12:42 of 2nd period - Dmitry Kulikov is hit by Wayne Simmonds and loses puck.
13:40 of 2nd period - Snap shot by Kellan Lain.
13:40 of 2nd period - Shot Blocked by Blake Wheeler.
13:42 of 2nd period - Slapshot by Travis Hamonic.
13:42 of 2nd period - Shot Misses the Net.
13:44 of 2nd period - Slapshot by Ben Lovejoy.
13:44 of 2nd period - Deflect By Matt Carle.
13:44 of 2nd period - Stopped by Tuukka Rask with a rebound.
13:46 of 2nd period - Slapshot by Travis Hamonic.
13:46 of 2nd period - Deflect By Steve Quailer.
13:46 of 2nd period - Stopped by Tuukka Rask with a rebound.
14:26 of 2nd period - Matt Duchene is hit by Dan Girardi.
14:45 of 2nd period - Tyler Cuma is hit by Jamie Benn and loses puck.
14:52 of 2nd period - Wrist shot by Jamie Benn.
14:52 of 2nd period - Deflect By Mikko Koivu.
14:52 of 2nd period - Shot Blocked by Ryan O'Byrne.
14:52 of 2nd period - Puck is out of play.
14:53 of 2nd period - Jonathan Toews wins face-off versus Ryan Getzlaf in Devils zone.
15:08 of 2nd period - Snap shot by Ryan Getzlaf.
15:08 of 2nd period - Shot Misses the Net.
15:20 of 2nd period - Mike Cammalleri is hit by Ondrej Palat and loses puck.
15:54 of 2nd period - Tyler Cuma is hit by Patrick Marleau.
16:12 of 2nd period - Slapshot by Tyler Bozak.
16:12 of 2nd period - Stopped by Tuukka Rask with a rebound.
16:44 of 2nd period - Minor Penalty to Dmitry Kulikov for Holding.
16:45 of 2nd period - Joe Thornton wins face-off versus Scott Gomez in Devils zone.
18:44 of 2nd period - Penalty to Dmitry Kulikov is over, Dmitry Kulikov is back on ice.
19:13 of 2nd period - Slapshot by Christian Ehrhoff.
19:13 of 2nd period - Stopped by Ryan Miller without a rebound.
19:14 of 2nd period - Matt Duchene wins face-off versus David Krejci in Devils zone.
19:33 of 2nd period - Jaden Schwartz is hit by Mikko Koivu and loses puck.
19:44 of 2nd period - Wrist shot by Matt Duchene.
19:44 of 2nd period - Stopped by Tuukka Rask without a rebound.
19:45 of 2nd period - Joe Thornton wins face-off versus Jonathan Toews in Capitals zone.
19:50 of 2nd period - Jonathan Toews is hit by Christian Ehrhoff and loses puck.
19:55 of 2nd period - Wrist shot by Blake Wheeler.
19:55 of 2nd period - Stopped by Ryan Miller with a rebound.
19:57 of 2nd period - Slapshot by Christian Ehrhoff.
19:57 of 2nd period - Stopped by Ryan Miller without a rebound.
19:58 of 2nd period - Jonathan Toews wins face-off versus Ryan Getzlaf in Devils zone.
19:58 of 2nd period - Jonathan Toews is hit by Ryan Getzlaf.
Goals for this period are 1 for Capitals vs 1 for Devils.
Shots for this period are 7 for Capitals vs 11 for Devils.
3rd period
0:01 of 3rd period - Joe Thornton wins face-off versus Jordan Eberle in neutral zone.
0:06 of 3rd period - Snap shot by Blake Wheeler.
0:06 of 3rd period - Shot Blocked by Tyler Cuma.
0:08 of 3rd period - Slapshot by Matt Carle.
0:08 of 3rd period - Deflect By Joe Thornton.
0:08 of 3rd period - Shot Misses the Net.
0:08 of 3rd period - Puck is out of play.
0:09 of 3rd period - Jordan Eberle wins face-off versus Joe Thornton in Devils zone.
0:26 of 3rd period - Wrist shot by Jonathan Toews.
0:26 of 3rd period - Shot Misses the Net.
1:30 of 3rd period - Snap shot by Taylor Hall.
1:30 of 3rd period - Shot Misses the Net.
3:10 of 3rd period - Wrist shot by Jonathan Toews.
3:10 of 3rd period - Shot Blocked by Christian Ehrhoff.
4:12 of 3rd period - Snap shot by Blake Wheeler.
4:12 of 3rd period - Shot Misses the Net.
4:14 of 3rd period - Wrist shot by Mike Cammalleri.
4:14 of 3rd period - Deflect By Joe Thornton.
4:14 of 3rd period - Goal by Joe Thornton - Capitals : 3 - Devils : 1.
4:15 of 3rd period - Matt Duchene wins face-off versus Ryan Getzlaf in neutral zone.
4:17 of 3rd period - Patrick Kane is hit by Brent Burns and loses puck.
4:30 of 3rd period - Off-side.
4:31 of 3rd period - Mikko Koivu wins face-off versus Scott Gomez in neutral zone.
4:46 of 3rd period - Jamie Benn is hit by Scott Gomez and loses puck.
4:54 of 3rd period - Icing by T.J. Oshie.
4:55 of 3rd period - Matt Duchene wins face-off versus Mikko Koivu in Capitals zone.
5:14 of 3rd period - Snap shot by Jamie Benn.
5:14 of 3rd period - Shot Misses the Net.
5:16 of 3rd period - Slapshot by Dan Girardi.
5:16 of 3rd period - Shot Blocked by Colton Parayko.
5:18 of 3rd period - Wrist shot by Mikko Koivu.
5:18 of 3rd period - Shot Misses the Net.
5:20 of 3rd period - Wrist shot by T.J. Oshie.
5:20 of 3rd period - Deflect By Jamie Benn.
5:20 of 3rd period - Shot Misses the Net.
5:20 of 3rd period - Puck is out of play.
5:21 of 3rd period - Ryan Getzlaf wins face-off versus Scott Gomez in Devils zone.
5:22 of 3rd period - Snap shot by Wayne Simmonds.
5:22 of 3rd period - Shot Misses the Net.
5:24 of 3rd period - Snap shot by Dan Girardi.
5:24 of 3rd period - Shot Misses the Net.
5:26 of 3rd period - Snap shot by Wayne Simmonds.
5:26 of 3rd period - Shot Blocked by Travis Hamonic.
5:28 of 3rd period - Slapshot by Wayne Simmonds.
5:28 of 3rd period - Shot Misses the Net.
5:57 of 3rd period - Off-side.
5:58 of 3rd period - Matt Duchene wins face-off versus Mikko Koivu in neutral zone.
6:07 of 3rd period - Wrist shot by Jaden Schwartz.
6:07 of 3rd period - Deflect By Patrick Kane.
6:07 of 3rd period - Shot Misses the Net.
6:07 of 3rd period - Puck is out of play.
6:08 of 3rd period - Ryan Getzlaf wins face-off versus Matt Duchene in Capitals zone.
6:15 of 3rd period - Snap shot by Wayne Simmonds.
6:15 of 3rd period - Shot Hit the Post.
6:21 of 3rd period - Patrick Marleau is hit by Dmitry Kulikov and loses puck.
6:50 of 3rd period - Brent Burns is hit by Dmitry Kulikov and loses puck.
7:21 of 3rd period - Dmitry Kulikov is hit by Jamie Benn and loses puck.
7:47 of 3rd period - Off-side.
7:48 of 3rd period - Ryan Getzlaf wins face-off versus Matt Duchene in neutral zone.
7:50 of 3rd period - Off-side.
7:51 of 3rd period - Ryan Getzlaf wins face-off versus Matt Duchene in neutral zone.
7:54 of 3rd period - Slapshot by Matt Carle.
7:54 of 3rd period - Shot Misses the Net.
7:56 of 3rd period - Wrist shot by Wayne Simmonds.
7:56 of 3rd period - Deflect By Ryan Getzlaf.
7:56 of 3rd period - Stopped by Ryan Miller with a rebound.
7:58 of 3rd period - Wrist shot by Wayne Simmonds.
7:58 of 3rd period - Shot Misses the Net.
8:00 of 3rd period - Slapshot by Christian Ehrhoff.
8:00 of 3rd period - Shot Blocked by Jaden Schwartz.
8:18 of 3rd period - Snap shot by Joe Thornton.
8:18 of 3rd period - Goal by Joe Thornton - Capitals : 4 - Devils : 1.
8:18 of 3rd period - Keith Kinkaid enters game.
8:19 of 3rd period - Taylor Hall wins face-off versus Joe Thornton in neutral zone.
8:24 of 3rd period - Snap shot by Jonathan Toews.
8:24 of 3rd period - Shot Blocked by Christian Ehrhoff.
8:26 of 3rd period - Slapshot by Jonathan Toews.
8:26 of 3rd period - Deflect By Taylor Hall.
8:26 of 3rd period - Stopped by Tuukka Rask without a rebound.
8:27 of 3rd period - Jonathan Toews wins face-off versus Joe Thornton in Capitals zone.
8:32 of 3rd period - Wrist shot by Jordan Eberle.
8:32 of 3rd period - Shot Blocked by Christian Ehrhoff.
8:38 of 3rd period - Snap shot by Taylor Hall.
8:38 of 3rd period - Shot Blocked by Matt Carle.
8:40 of 3rd period - Wrist shot by Taylor Hall.
8:40 of 3rd period - Shot Misses the Net.
8:42 of 3rd period - Wrist shot by Taylor Hall.
8:42 of 3rd period - Shot Misses the Net.
8:44 of 3rd period - Slapshot by Travis Hamonic.
8:44 of 3rd period - Shot Misses the Net.
8:56 of 3rd period - Wrist shot by Taylor Hall.
8:56 of 3rd period - Stopped by Tuukka Rask with a rebound.
8:58 of 3rd period - Snap shot by Jonathan Toews.
8:58 of 3rd period - Stopped by Tuukka Rask without a rebound.
8:59 of 3rd period - Ryan Getzlaf wins face-off versus Matt Duchene in Capitals zone.
9:01 of 3rd period - Minor Penalty to Dan Girardi for Hooking.
9:02 of 3rd period - Joe Thornton wins face-off versus Matt Duchene in Capitals zone.
9:34 of 3rd period - Slapshot by Tyler Cuma.
9:34 of 3rd period - Deflect By Brent Burns.
9:34 of 3rd period - Stopped by Tuukka Rask with a rebound.
9:36 of 3rd period - Snap shot by Patrick Kane.
9:36 of 3rd period - Stopped by Tuukka Rask without a rebound.
9:37 of 3rd period - Jordan Eberle wins face-off versus Blake Wheeler in Capitals zone.
10:46 of 3rd period - Christian Ehrhoff is hit by Jonathan Toews and loses puck.
11:01 of 3rd period - Penalty to Dan Girardi is over, Dan Girardi is back on ice.
11:21 of 3rd period - Snap shot by Mikko Koivu.
11:21 of 3rd period - Deflect By Jamie Benn.
11:21 of 3rd period - Stopped by Keith Kinkaid with a rebound.
11:23 of 3rd period - Slapshot by Brent Burns.
11:23 of 3rd period - Shot Blocked by Dmitry Kulikov.
11:25 of 3rd period - Snap shot by Mikko Koivu.
11:25 of 3rd period - Stopped by Keith Kinkaid with a rebound.
11:53 of 3rd period - Matt Duchene is hit by Matt Carle and loses puck.
12:17 of 3rd period - Mikko Koivu is hit by Ondrej Palat and loses puck.
12:30 of 3rd period - Travis Hamonic is hit by Ryan Getzlaf and loses puck.
12:43 of 3rd period - Joe Thornton is hit by Jonathan Toews and loses puck.
12:54 of 3rd period - Dmitry Kulikov is hit by Mark Stone and loses puck.
14:10 of 3rd period - Slapshot by Jaden Schwartz.
14:10 of 3rd period - Goal by Jaden Schwartz - Capitals : 4 - Devils : 2.
14:11 of 3rd period - Joe Thornton wins face-off versus Jonathan Toews in neutral zone.
14:49 of 3rd period - Wrist shot by Patrick Kane.
14:49 of 3rd period - Shot Misses the Net.
15:07 of 3rd period - Snap shot by Anthony Stewart.
15:07 of 3rd period - Stopped by Tuukka Rask with a rebound.
15:09 of 3rd period - Slapshot by Tyler Cuma.
15:09 of 3rd period - Shot Blocked by Brent Burns.
15:19 of 3rd period - Eric Fehr is hit by Jonathan Toews and loses puck.
16:05 of 3rd period - David Krejci is hit by Jordan Eberle.
16:09 of 3rd period - Snap shot by Taylor Hall.
16:09 of 3rd period - Shot Blocked by Brent Burns.
16:19 of 3rd period - Snap shot by Brent Burns.
16:19 of 3rd period - Stopped by Keith Kinkaid without a rebound.
16:20 of 3rd period - Mikko Koivu wins face-off versus Scott Gomez in Devils zone.
16:25 of 3rd period - Snap shot by T.J. Oshie.
16:25 of 3rd period - Shot Misses the Net.
17:18 of 3rd period - Snap shot by Taylor Hall.
17:18 of 3rd period - Stopped by Tuukka Rask with a rebound.
17:20 of 3rd period - Snap shot by Jonathan Toews.
17:20 of 3rd period - Stopped by Tuukka Rask without a rebound.
17:21 of 3rd period - Ryan Getzlaf wins face-off versus Scott Gomez in Capitals zone.
18:18 of 3rd period - Snap shot by Ryan Getzlaf.
18:18 of 3rd period - Shot Blocked by Colton Parayko.
18:20 of 3rd period - Snap shot by Ryan Getzlaf.
18:20 of 3rd period - Stopped by Keith Kinkaid with a rebound.
18:22 of 3rd period - Snap shot by Ryan Getzlaf.
18:22 of 3rd period - Shot Misses the Net.
18:24 of 3rd period - Slapshot by Wayne Simmonds.
18:24 of 3rd period - Deflect By Patrick Marleau.
18:24 of 3rd period - Goal by Patrick Marleau - Capitals : 5 - Devils : 2.
18:25 of 3rd period - David Krejci wins face-off versus Jonathan Toews in neutral zone.
18:28 of 3rd period - Wrist shot by Brent Burns.
18:28 of 3rd period - Deflect By Eric Fehr.
18:28 of 3rd period - Goal by Eric Fehr - Capitals : 6 - Devils : 2.
18:29 of 3rd period - Jonathan Toews wins face-off versus Blake Wheeler in neutral zone.
18:36 of 3rd period - Snap shot by Jonathan Toews.
18:36 of 3rd period - Goal by Jonathan Toews - Capitals : 6 - Devils : 3.
18:37 of 3rd period - Joe Thornton wins face-off versus Jonathan Toews in neutral zone.
18:44 of 3rd period - Wrist shot by Mike Cammalleri.
18:44 of 3rd period - Stopped by Keith Kinkaid with a rebound.
19:04 of 3rd period - Ryan Getzlaf is hit by Tyler Cuma and loses puck.
19:23 of 3rd period - Slapshot by Brent Burns.
19:23 of 3rd period - Stopped by Keith Kinkaid with a rebound.
19:25 of 3rd period - Slapshot by Brent Burns.
19:25 of 3rd period - Shot Blocked by Ben Lovejoy.
19:46 of 3rd period - Slapshot by Brent Burns.
19:46 of 3rd period - Stopped by Keith Kinkaid without a rebound.
19:47 of 3rd period - Jonathan Toews wins face-off versus Joe Thornton in Devils zone.
19:47 of 3rd period - Jordan Eberle is hit by Shayne Gostisbehere and loses puck.
Goals for this period are 4 for Capitals vs 2 for Devils.
Shots for this period are 12 for Capitals vs 10 for Devils.
0:00 - Minor Penalty to Colton Parayko for Interference.
Goals for this period are 4 for Capitals vs 2 for Devils.
Shots for this period are 12 for Capitals vs 10 for Devils.
Back to the Top